 Dungeon Crawl Stone Soup version 0.14-a0-2374-ge879b5e (webtiles) character file.

7894 Medar the Hoplite (level 11, -6/77 HPs)
             Began as a Formicid Arcane Marksman on Feb 1, 2014.
             Was a Believer of Okawaru.
             Mangled by a black mamba (11 damage)
             ... on Level 1 of the Lair of Beasts.
             The game lasted 00:53:29 (17592 turns).

Medar the Hoplite (Formicid Arcane Marksman)       Turns: 17592, Time: 00:53:29

HP  -6/77        AC  6     Str 17      XL: 11   Next: 63%
MP   0/20        EV 12     Int 15      God: Okawaru [**....]
Gold 449         SH 22     Dex 10      Spells:  4 memorised,  3 levels left

rFire  . . .     SeeInvis +     a - +2,+1 falchion
rCold  . . .     Clarity  .     A - +2 leather armour
rNeg   + . .     Conserve .     E - +0 shield
rPois  x         rCorr    .     (helmet unavailable)
rElec  .         rRot     .     (no cloak)
SustAb . .       Spirit   +     (no gloves)
rMut   .         Warding  .     (no boots)
Saprov . . .     Stasis   +     H - amulet of guardian spirit
MR     +....                    (no ring)
                                w - ring of positive energy

@: somewhat resistant to hostile enchantments, very unstealthy
A: permanent stasis, dig shafts and tunnels, four strong arms, poison weakness,
antennae 3, exoskeleton 1
a: Dig, Shaft Self, Heroism, Renounce Religion


You were on level 1 of the Lair of Beasts.
You worshipped Okawaru.
Okawaru was pleased with you.
You were very hungry.

You visited 3 branches of the dungeon, and saw 10 of its levels.

You collected 546 gold pieces.
You spent 97 gold pieces at shops.

Inventory:

Hand weapons
 a - a +2,+1 falchion (weapon)
Missiles
 b - 18 darts
 c - a throwing net [frayed]
 e - 4 darts of frost (quivered)
 q - 19 darts of dispersal
 v - 2 throwing nets
 K - 7 curare-tipped needles
Armour
 A - a +2 leather armour (worn)
 E - a +0 shield (worn)
Magical devices
 h - a wand of confusion (4)
 k - a wand of disintegration (7)
 B - a wand of confusion (2)
 F - a wand of fireball (0)
 L - a wand of fireball (0)
Comestibles
 f - 4 bread rations
 i - a chunk of jackal flesh
Scrolls
 d - a scroll of amnesia
 g - a scroll of remove curse
 x - a scroll of magic mapping
Jewellery
 w - a ring of positive energy (left hand)
 H - an amulet of guardian spirit (around neck)
Potions
 l - 2 potions of invisibility
 u - a potion of brilliance
 G - a potion of magic
 I - a potion of cure mutation {unknown}


   Skills:
 - Level 8.2 Fighting
   Level 5.1 Short Blades
 + Level 8.5 Long Blades
 - Level 1.5 Throwing
 - Level 6.0 Armour
 - Level 7.0 Dodging
 - Level 9.2 Shields
 - Level 2.2 Spellcasting
 - Level 7.1 Hexes
 - Level 5.9 Invocations


You had 3 spell levels left.
You knew the following spells:

 Your Spells              Type           Power        Failure   Level  Hunger
d - Slow                  Hex            ###.....     3%          2    ###....
f - Cause Fear            Hex            ###.......   21%         4    #####..
g - Enslavement           Hex            ###.....     21%         4    #####..
s - Corona                Hex            ###....      1%          1    #......


Dungeon Overview and Level Annotations

Branches:
Dungeon (8/16)             Temple (1/1) D:4            Lair (1/8) D:8

Altars:
Ashenzari
Cheibriados
Dithmengos
Elyvilon
Fedhas
Kikubaaqudgha
Makhleb
Nemelex Xobeh
Okawaru
Sif Muna
Trog
Vehumet
Xom
Yredelemnul
Zin
The Shining One

Shops:
D:4 *

Annotations:
D:4 Menkaure
D:8 exclusion: door


Innate Abilities, Weirdness & Mutations

Your are under a permanent stasis effect.
You can dig through walls and to a lower floor.
Your four strong arms can wield any weapon, most with a shield.
You are susceptible to poison.
You have a pair of large antennae on your head (SInv).
Your body is surrounded by an exoskeleton. (AC +1)


Message History

You block the black mamba's attack.
Evoke which item? (* to show all) (? for menu, Esc to quit)
Zapping:
h - a wand of confusion {zapped: 1}
Press: ? - help, Shift-Dir - straight line, f - black mamba
Aim: a black mamba (almost dead)
The black mamba easily resists.
* * * LOW HITPOINT WARNING * * *
You feel sick. The black mamba closely misses you.
You barely miss the black mamba.
The black mamba is almost dead.
* * * LOW HITPOINT WARNING * * *
You feel sick. The black mamba bites you!
* * * LOW HITPOINT WARNING * * *
You are more poisoned.
The black mamba poisons you! You block the black mamba's attack.
Drink which item? (? for menu, Esc to quit)
You feel better. The black mamba bites you!
* * * LOW HITPOINT WARNING * * *
The black mamba bites you!
You die...

#..#####..## ###.#..........
............#
#...#..........
..##....######.##...........
#........f..................
#...........................
#.(..P...#..................
.....#...#...........(......
....#....................).
...#.....@S...............
..P........%.............
..P.....................
.##.....................
#.................###..
#.≈≈≈§§................
.≈≈#§≈................
§##§≈...........#....
##§§..........##.#


You could see a black mamba.

Vanquished Creatures
  Gastronok (Lair:1)
  4 yaks (Lair:1)
  A komodo dragon (Lair:1)
  A hungry ghost (D:7)
  4 porcupines
  An orc warrior (D:7)
  An ice beast (D:7)
  3 ogres
  Sigmund (D:2)
  2 water moccasins (Lair:1)
  3 giant frogs
  4 centaurs
  An eye of draining (D:7)
  A quasit (D:7)
  9 crimson imps
  A goliath beetle (D:8)
  A giant frog zombie (D:1)
  A jelly (D:6)
  A scorpion (D:8)
  2 sky beasts
  4 sheep
  2 hounds (D:4)
  2 orc wizards (D:5)
  8 worker ants
  A hound skeleton (D:7)
  2 worker ant zombies
  Ijyb (D:1)
  7 green rats (Lair:1)
  A steam dragon zombie (D:6)
  8 gnolls
  4 orc priests
  Jessica (D:5)
  9 adders
  A giant centipede (Lair:1)
  A goliath beetle zombie (D:5)
  5 worms
  An adder skeleton (D:8)
  An iguana zombie (D:7)
  6 giant eyeballs
  7 giant geckos
  7 orcs
  23 bats
  A bat skeleton (D:5)
  10 goblins
  12 hobgoblins
  29 jackals
  14 kobolds
  3 quokkas
  3 ball pythons
  9 giant cockroaches
  A giant gecko skeleton (D:7)
  7 giant newts
  A goblin zombie (D:5)
  A kobold zombie (D:6)
  An orc skeleton (D:5)
  18 rats
  A rat skeleton (D:7)
  3 ballistomycetes
  A butterfly (D:5)
260 creatures vanquished.

Vanquished Creatures (collateral kills)
  A trapdoor spider zombie (D:8)
  A basilisk (D:8)
  2 yaks (Lair:1)
  A porcupine (Lair:1)
  3 water moccasins (Lair:1)
  An iguana (Lair:1)
  2 sheep (D:8)
  A gnoll (D:8)
  An adder (Lair:1)
  An orc (D:8)
  A jackal (Lair:1)
  A rat (D:8)
16 creatures vanquished.

Vanquished Creatures (others)
  An orc wizard (D:5)
  3 giant spores
  A ballistomycete (D:5)
  2 fungi (D:8)
7 creatures vanquished.

Grand Total: 283 creatures vanquished

Notes
Turn   | Place    | Note
--------------------------------------------------------------
     0 | D:1      | Medar, the Formicid Arcane Marksman, began the quest for the Orb.
     0 | D:1      | Reached XP level 1. HP: 13/13 MP: 2/2
    80 | D:1      | Reached skill level 4 in Hexes
   221 | D:1      | Reached XP level 2. HP: 11/18 MP: 1/3
   645 | D:1      | Learned a level 2 spell: Slow
   660 | D:1      | Reached XP level 3. HP: 23/23 MP: 2/4
   789 | D:1      | Reached skill level 1 in Short Blades
  1195 | D:2      | Noticed Ijyb
  1416 | D:2      | Reached XP level 4. HP: 28/28 MP: 3/5
  1536 | D:2      | Noticed Sigmund
  1546 | D:2      | Killed Sigmund
  1546 | D:2      | Reached XP level 5. HP: 11/33 MP: 4/7
  2654 | D:3      | Reached XP level 6. HP: 38/38 MP: 8/8
  2666 | D:3      | Learned a level 4 spell: Cause Fear
  2678 | D:3      | Found a glowing golden altar of the Shining One.
  2840 | D:3      | Reached skill level 5 in Short Blades
  3337 | D:4      | Noticed Menkaure
  3941 | D:4      | Found a staircase to the Ecumenical Temple.
  3993 | Temple   | Entered the Ecumenical Temple
  4203 | Temple   | Became a worshipper of Warmaster Okawaru
  4326 | D:4      | Found Deosouse's General Store.
  4338 | D:4      | Bought a potion of heal wounds for 39 gold pieces
  4338 | D:4      | Bought a potion of curing for 26 gold pieces
  4338 | D:4      | Bought a potion of brilliance for 32 gold pieces
  4368 | D:4      | Reached skill level 5 in Hexes
  4697 | D:4      | Noticed a sky beast
  4714 | D:4      | Killed a sky beast
  5475 | D:1      | Killed Ijyb
  5741 | D:1      | Reached skill level 6 in Hexes
  5741 | D:1      | Reached XP level 7. HP: 19/43 MP: 5/9
  6045 | D:4      | Found a glowing golden altar of the Shining One.
  6399 | D:5      | Entered Level 5 of the Dungeon
  6443 | D:5      | Noticed Jessica
  6451 | D:5      | Killed Jessica
  6810 | D:5      | Reached skill level 7 in Fighting
  6810 | D:5      | Reached skill level 5 in Invocations
  6810 | D:5      | Reached XP level 8. HP: 43/60 MP: 4/16
  8613 | D:5      | Found a sparkling altar of Nemelex Xobeh.
  9012 | D:5      | Learned a level 4 spell: Enslavement
  9350 | D:6      | Reached XP level 9. HP: 60/64 MP: 18/18
 10319 | D:6      | Reached skill level 8 in Fighting
 10772 | D:3      | Reached skill level 9 in Shields
 10772 | D:3      | Reached XP level 10. HP: 72/72 MP: 19/19
 11143 | D:6      | Found a shadowy altar of Dithmengos.
 11230 | D:7      | Reached skill level 1 in Long Blades
 11993 | D:7      | Found a white marble altar of Elyvilon.
 12209 | D:7      | Found a basalt altar of Yredelemnul.
 12664 | D:7      | Reached skill level 5 in Long Blades
 14235 | D:8      | Acquired Okawaru's first power
 14360 | D:8      | Noticed a five-headed hydra
 14387 | D:8      | Reached XP level 11. HP: 71/77 MP: 20/20
 15001 | D:8      | Found a staircase to the Lair.
 15817 | Lair:1   | Entered Level 1 of the Lair of Beasts
 15817 | Lair:1   | Noticed Gastronok
 15881 | Lair:1   | HP: 3/77 [Gastronok (17)]
 15884 | Lair:1   | Killed Gastronok
 16232 | Lair:1   | HP: 1/77 [komodo dragon (21)]
 17592 | Lair:1   | Mangled by a black mamba

Action                   |  1- 3 |  4- 6 |  7- 9 | 10-12 || total
-------------------------+-------+-------+-------+-------++-------
Melee: Unarmed           |    15 |       |       |       ||    15
       Dagger            |    56 |   247 |   487 |       ||   790
       Spear             |       |       |    40 |       ||    40
       Long sword        |       |       |   154 |       ||   154
       Halberd           |       |       |     3 |       ||     3
       Falchion          |       |       |       |   855 ||   855
Throw: Large rock        |    14 |     8 |       |       ||    22
       Throwing net      |       |     2 |     1 |       ||     3
       Dart              |       |     5 |    19 |       ||    24
 Cast: Corona            |    22 |    45 |     6 |    26 ||    99
       Slow              |       |     6 |     3 |    37 ||    46
       Enslavement       |       |       |       |    24 ||    24
Invok: Heroism           |       |       |       |     3 ||     3
Evoke: Wand              |       |       |    11 |    21 ||    32
  Use: Scroll            |     1 |     6 |    10 |     6 ||    23
       Potion            |       |     2 |     2 |     8 ||    12
 Stab: Confused          |       |       |       |     2 ||     2
       Distracted        |       |       |       |     1 ||     1
